 Dungeon Crawl Stone Soup version 0.21-a0-110-g8e1637b (webtiles) character file.

169903 Leszczynek the Severer (level 17, -5/164 HPs)
             Began as a Deep Dwarf Fighter on July 7, 2017.
             Was the Champion of Makhleb.
             Killed from afar by a nagaraja (21 damage)
             ... with a poison arrow
             ... on level 4 of the Snake Pit.
             The game lasted 01:22:59 (12932 turns).

Leszczynek the Severer (Deep Dwarf Fighter)        Turns: 12932, Time: 01:22:59

Health: -5/164     AC: 23    Str: 24    XL:     17   Next: 11%
Magic:  10/10      EV: 13    Int: 10    God:    Makhleb [******]
Gold:   293        SH: 21    Dex: 14    Spells: 5/16 levels left

rFire    + . .     SeeInvis .   a - +2 broad axe (flame)
rCold    + . .     Gourm    +   j - +0 large shield
rNeg     + . .     Faith    .   T - +2 plate armour {MR+}
rPois    .         Spirit   .   x - +1 helmet
rElec    .         Reflect  .   Z - scarf {rC+ rF+}
rCorr    .         Harm     .   e - +0 pair of gloves
MR       ++++.                  X - +0 pair of boots (curse)
Stlth    ..........             N - amulet of the gourmand
HPRegen  0.00/turn              p - ring of protection from magic
MPRegen  0.12/turn              t - +5 ring of evasion

@: lethally poisoned (-5 -> -5), about to teleport, non-regenerating,
constricted
A: damage resistance, heal wounds, negative energy resistance 1, sense
surroundings 2, no regeneration
}: 1/15 runes: barnacled
a: Heal Wounds, Minor Destruction, Lesser Servant of Makhleb, Major Destruction,
Greater Servant of Makhleb, Renounce Religion


You were on level 4 of the Snake Pit.
You worshipped Makhleb.
Makhleb was exalted by your worship.
You were full.

You visited 6 branches of the dungeon, and saw 32 of its levels.
You also visited: Labyrinth, Ossuary, Bailey and Ice Cave.

You collected 2366 gold pieces.
You spent 2073 gold pieces at shops.

Inventory:

Hand Weapons
 a - a +2 broad axe of flaming (weapon)
 c - a +5 broad axe of venom
Missiles
 W - 5 throwing nets (quivered)
Armour
 e - a +0 pair of gloves (worn)
 j - a +0 large shield (worn)
 x - a +1 helmet (worn)
 T - a +2 plate armour of magic resistance (worn)
 X - a cursed +0 pair of boots (worn)
 Z - a scarf of resistance (worn)
Jewellery
 p - a ring of protection from magic (left hand)
 t - a +5 ring of evasion (right hand)
 N - an amulet of the gourmand (around neck)
 O - the ring of Difyaklall {rF+ Str+8 Dex-3}
   (You took it off a minotaur in a labyrinth)

   [ring of protection from fire]

   It affects your strength (+8).
   It affects your dexterity (-3).
   It protects you from fire.
Wands
 n - a wand of acid (8/15)
 u - a wand of confusion (14/48)
 A - a wand of digging (11/24)
 K - a wand of acid (6/15)
 S - a wand of confusion (30/48)
 U - a wand of clouds (2/9)
Scrolls
 i - 12 scrolls of remove curse {@r2}
 r - 12 scrolls of teleportation
 C - a scroll of summoning
 G - 2 scrolls of fog
 M - 2 scrolls of recharging
 P - 2 scrolls of identify {@r1}
 Y - 5 scrolls of fear
Potions
 f - 3 potions of might
 g - a potion of cancellation
 h - 2 potions of berserk rage {!q}
 k - 3 potions of haste
 l - 3 potions of lignification {!q}
 o - 8 potions of curing {@q1}
 q - 3 potions of mutation {!q}
 s - 2 potions of invisibility
 E - 3 potions of heal wounds {@q2}
 F - 3 potions of agility
 H - 4 potions of ambrosia
 L - 4 potions of resistance
 Q - 3 potions of flight
Miscellaneous
 m - a phial of floods
 v - a sack of spiders
 R - a fan of gales
Comestibles
 b - 4 chunks of flesh
 d - 13 bread rations
 z - 16 royal jellies
 D - 3 fruits
 J - 8 meat rations


   Skills:
 + Level 13.5 Fighting
 - Level 18.0 Axes
 + Level 12.3 Armour
 - Level 10.1 Dodging
 * Level 16.1 Shields
 - Level 6.2 Invocations
 - Level 8.2 Evocations


You had 5 spell levels left.
You knew the following spells:

 Your Spells              Type           Power        Failure   Level  Hunger
a - Passwall              Tmut/Erth      #.........   100%        2    ###....
b - Irradiate             Conj/Tmut      #.........   100%        5    ######.
B - Blink                 Tloc           N/A          100%        2    ###....
P - Swiftness             Chrm/Air       #.......     100%        2    ###....


Dungeon Overview and Level Annotations

Branches:
Dungeon (15/15)            Temple (1/1) D:5            Lair (6/6) D:11
 Shoals (4/4) Lair:3        Snake (4/4) Lair:3          Orc (2/2) D:9
    Elf (0/3) Orc:2
  Slime: Lair:5-6    Vaults: D:13-14     Depths: D:15

Altars:
Ashenzari
Cheibriados
Dithmenos
Elyvilon
Fedhas
Kikubaaqudgha
Makhleb
Trog
Uskayaw
The Shining One
Beogh

Shops:
D:15 :   Orc:2 *([?   Shoals:4 ?   Snake:3 *(

Annotations:
Lair:6 exclusion: 3 oklob plants
Snake:2 exclusion: Roxanne, Roxanne
Orc:2 watch out!, Saint Roka


Innate Abilities, Weirdness & Mutations

You are resistant to damage.
You can heal yourself by infusing magical energy.
You resist negative energy. (rN+)
You passively map the area around you.
You do not regenerate.


Message History

Unknown command.
Unknown command.
Unknown command.
You feel better. The nagaraja casts a spell at you.
The bolt of poison misses you. The nagaraja spits poison at you.
You block the splash of poison.
The naga sharpshooter mumbles some strange words.
The naga sharpshooter magically shoots a bolt.
You block the bolt.
The naga warrior hits you from afar with a halberd!
* * * LOW HITPOINT WARNING * * *
The naga warrior hits you but does no damage.
The naga warrior hits you from afar with a glaive!
* * * LOW HITPOINT WARNING * * *
The nagaraja gestures at you while chanting.
The poison arrow hits you!
You are poisoned.
You die...

, , , #....### , , , *,,
, *#.....<## , ,* ,
#####.##.....## *, ,, #
####......###....# * ,
#. ,##...........##....
, * ,
,#..##..)).....)...##...
#....N)N..#####)...##..
, , ,
.###.N.###....##...##..
.........#*#..N@#,
....##)))#.. #........#
#.NNN# , N...#.))##. ,
#.......#


#.NNNN , ...##))(#. *#......# #...#N. , N. #((.#. * #.....###... #.. . #(..#. ,
#.....###..,*#.. * , #(..#. #.)....##.. *### #...#. , #.......##. *,, ##...#.
#........## , ,,, #...##. You could see 5 naga warriors, 4 nagarajas, 2 naga
sharpshooters and a naga.

Vanquished Creatures
  Bai Suzhen (Snake:4)
  Vashnia (Snake:4)
  Jorgrun (Snake:4)
  7 nagarajas (Snake:4)
  A frost giant (Shoals:2)
  A stone giant (Shoals:2)
  2 merfolk javelineers
  4 merfolk impalers
  A fire dragon (Lair:4)
  A minotaur (Lab)
  6 hydras
  A merfolk avatar (Shoals:2)
  9 naga warriors
  An alligator snapping turtle (Shoals:4)
  3 catoblepae (Lair:6)
  3 anacondas
  3 centaur warriors
  3 ogre magi
  2 tengu warriors (D:14)
  12 two-headed ogres
  5 death yaks (Lair:6)
  2 satyrs (Shoals:4)
  A deep troll shaman (Lair:6)
  7 naga sharpshooters
  Sonja (Lair:2)
  A shock serpent (Snake:3)
  A salamander mystic (Snake:3)
  An unseen horror (D:12)
  6 sea snakes
  5 naga ritualists
  2 lindwurms (Lair:6)
  17 fauns
  An orc knight (Orc:2)
  A wolf spider zombie (D:13)
  A necromancer (IceCv)
  A deep elf mage (D:14)
  11 ugly things
  8 salamanders
  3 mana vipers
  10 cyclopes
  9 manticores
  8 elephants
  3 ice statues (IceCv)
  6 merfolk sirens
  4 guardian serpents
  15 black mambas
  2 water nymphs (Shoals:1)
  5 spiny frogs
  14 naga magi
  A gargoyle (D:15)
  A torpor snail (Lair:4)
  6 komodo dragons
  5 ice devils (IceCv)
  2 tengu conjurers (D:14)
  17 merfolk
  6 trolls
  2 polar bears
  3 slime creatures
  6 wind drakes
  9 hippogriffs
  3 blink frogs (Lair:6)
  4 snapping turtles
  A meliai zombie (D:15)
  2 water elementals (Shoals:4)
  2 wyverns
  36 yaks
  3 basilisks
  3 hungry ghosts
  2 wargs (Orc:2)
  An acid dragon (D:14)
  43 nagas
  4 water moccasins
  A porcupine (Lair:3)
  2 ice beasts (D:6)
  A black bear (D:12)
  A phantom (D:10)
  8 sky beasts
  15 orc warriors
  17 wolves
  16 ogres
  7 centaurs
  6 crocodiles
  A big kobold (D:9)
  7 bullfrogs
  3 gnoll sergeants
  A scorpion (D:5)
  10 killer bees
  5 wights (D:14)
  An electric eel (Lair:6)
  2 howler monkeys (D:9)
  8 crimson imps
  4 centaur zombies
  3 hounds
  A centaur skeleton (D:9)
  14 orc priests
  6 jellies
  Terence (D:3)
  A bullfrog skeleton (D:10)
  3 iguanas
  6 worker ants
  14 orc wizards
  A hound skeleton (D:11)
  9 mummies
  2 worker ant zombies
  12 adders
  8 gnolls
  2 shadow imps
  12 white imps (Lair:5)
  5 oozes (D:8)
  An adder skeleton (D:5)
  2 adder zombies (D:6)
  4 dart slugs
  2 leopard geckos (D:6)
  61 orcs
  5 bats
  3 giant cockroaches
  2 gnoll zombies (Ossuary)
  3 goblins
  3 hobgoblins
  16 jackals
  4 quokkas
  2 hobgoblin zombies (Ossuary)
  A kobold (D:1)
  2 kobold zombies (Ossuary)
  A leopard gecko skeleton (D:4)
  A leopard gecko zombie (D:7)
  2 orc zombies (Ossuary)
  A quokka zombie (D:9)
  19 rats
  A bush (Lair:6)
  3 fungi
  21 plants
752 creatures vanquished.

Vanquished Creatures (collateral kills)
  2 ogre magi (Orc:2)
  A hydra (D:14)
  A satyr (Shoals:4)
  3 two-headed ogres
  A naga sharpshooter (Snake:4)
  A sea snake (Shoals:2)
  A faun (Shoals:2)
  3 manticores
  A water nymph (Shoals:4)
  A black mamba (Lair:6)
  A merfolk (Shoals:2)
  2 trolls (Orc:2)
  3 slime creatures
  A wyvern (Lair:6)
  An acid dragon (D:15)
  A naga (Snake:4)
  7 orc warriors (Orc:2)
  16 ogres
  A wolf (Lair:6)
  A bullfrog (D:15)
  A crimson imp (D:15)
  A shadow imp (D:15)
  2 orcs (Orc:2)
  A plant (Shoals:2)
54 creatures vanquished.

Vanquished Creatures (others)
  A satyr (Shoals:4)
  A cyclops (Shoals:2)
  2 nagas (Snake:4)
  A bush (Lair:6)
  29 plants
34 creatures vanquished.

Grand Total: 840 creatures vanquished

Notes
Turn   | Place    | Note
-------+----------+-------------------------------------------
     0 | D:1      | Leszczynek the Deep Dwarf Fighter began the quest for the Orb.
     0 | D:1      | Reached XP level 1. HP: 20/20 MP: 1/1
    39 | D:1      | Reached skill level 3 in Axes
    40 | D:1      | Reached XP level 2. HP: 27/27 MP: 2/2
   218 | D:3      | Reached XP level 3. HP: 29/33 MP: 3/3
   226 | D:3      | Reached skill level 4 in Axes
   332 | D:3      | Noticed Terence
   341 | D:3      | Killed Terence
   341 | D:3      | Reached XP level 4. HP: 35/40 MP: 4/4
   422 | D:3      | Reached skill level 5 in Axes
   682 | D:3      | Reached XP level 5. HP: 46/46 MP: 5/5
   758 | D:4      | Reached skill level 6 in Axes
   851 | D:4      | Reached skill level 7 in Axes
   851 | D:4      | Reached XP level 6. HP: 25/55 MP: 6/6
   856 | D:4      | HP: 10/55 [orc priest/divine providence (15)]
  1024 | D:5      | Entered Level 5 of the Dungeon
  1122 | D:5      | Reached skill level 3 in Fighting
  1154 | D:5      | Found a staircase to the Ecumenical Temple.
  1163 | Temple   | Entered the Ecumenical Temple
  1180 | Temple   | Became a worshipper of Makhleb the Destroyer
  1198 | D:5      | ok, pretty fast so far
  1270 | D:6      | Reached skill level 8 in Axes
  1338 | D:6      | Noticed an orc warrior
  1351 | D:6      | Killed an orc warrior
  1351 | D:6      | Reached XP level 7. HP: 46/62 MP: 6/6
  1360 | D:6      | Reached skill level 4 in Shields
  1397 | D:6      | Noticed a troll
  1506 | D:6      | Found a sand-covered staircase.
  1519 | D:6      | Killed a troll
  1519 | D:6      | Reached skill level 9 in Axes
  1519 | D:6      | Reached XP level 8. HP: 35/72 MP: 6/6
  1528 | D:6      | Reached skill level 5 in Shields
  1541 | Ossuary  | Entered an ossuary
  1581 | Ossuary  | Reached * piety under Makhleb
  1586 | Ossuary  | Reached skill level 4 in Fighting
  1626 | Ossuary  | Reached skill level 1 in Dodging
  1868 | D:6      | Reached skill level 2 in Dodging
  1914 | D:6      | Found an ancient bone altar of Kikubaaqudgha.
  1927 | D:6      | Identified the +2 long sword of an ossuary {antimagic, Fragile rElec rPois} (You found it on level 6 of the Dungeon)
  2051 | D:6      | Reached skill level 3 in Dodging
  2251 | D:7      | Reached skill level 10 in Axes
  2257 | D:7      | Reached skill level 4 in Armour
  2283 | D:7      | Reached skill level 5 in Fighting
  2284 | D:7      | Reached ** piety under Makhleb
  2308 | D:7      | Gained mutation: You passively map the area around you. [Deep Dwarf growth]
  2308 | D:7      | Reached XP level 9. HP: 57/81 MP: 7/7
  2318 | D:7      | Found a flagged portal.
  2341 | Bailey   | Entered a bailey
  2386 | Bailey   | Noticed nublet's ghost (novice GrGl)
  2415 | D:7      | great
  2651 | D:8      | Found a hide-covered altar of Uskayaw.
  2784 | D:8      | Reached skill level 11 in Axes
  2785 | D:8      | Reached skill level 5 in Armour
  2812 | D:8      | Noticed a two-headed ogre
  2821 | D:8      | Killed a two-headed ogre
  2821 | D:8      | Reached skill level 6 in Fighting
  2871 | D:9      | Noticed a troll
  2888 | D:9      | Killed a troll
  2950 | D:9      | Reached *** piety under Makhleb
  2950 | D:9      | Reached skill level 12 in Axes
  2950 | D:9      | Reached skill level 6 in Armour
  3007 | D:9      | Found a staircase to the Orcish Mines.
  3018 | D:9      | Found a roughly hewn altar of Beogh.
  3032 | D:9      | Reached XP level 10. HP: 48/92 MP: 7/7
  3078 | D:9      | Learned a level 2 spell: Blink
  3177 | D:9      | Reached skill level 7 in Armour
  3425 | D:9      | Reached skill level 6 in Shields
  3450 | D:9      | Found a bloodstained altar of Trog.
  3464 | D:10     | Entered Level 10 of the Dungeon
  3484 | D:10     | Reached skill level 7 in Fighting
  3678 | D:11     | Reached **** piety under Makhleb
  3680 | D:11     | Reached skill level 7 in Shields
  3908 | D:11     | Found a staircase to the Lair.
  3912 | D:11     | Found a labyrinth entrance.
  3921 | Lab      | Entered a labyrinth
  4161 | Lab      | Noticed a minotaur
  4177 | Lab      | Killed a minotaur
  4177 | Lab      | Reached skill level 3 in Invocations
  4180 | Lab      | Got a wavering iron ring
  4183 | Lab      | Identified the ring of Difyaklall {rF+ Str+8 Dex-3} (You took it off a minotaur in a labyrinth)
  4186 | Lab      | dex-3 gives me +1 EV lol
  4189 | Lab      | Identified the Disquisition on Creative Curses
  4199 | Lab      | Identified the Volume of the Cricket
  4203 | Lab      | Learned a level 2 spell: Passwall
  4204 | Lab      | caster lab, sadly
  4228 | D:11     | Reached skill level 4 in Invocations
  4228 | D:11     | Reached XP level 11. HP: 97/103 MP: 9/11
  4236 | D:11     | Reached skill level 8 in Fighting
  4306 | D:11     | Reached skill level 5 in Invocations
  4625 | D:12     | Reached skill level 6 in Invocations
  4636 | D:13     | Found a shadowy altar of Dithmenos.
  4652 | D:13     | Reached skill level 4 in Dodging
  4790 | D:12     | Killed an unseen horror
  4815 | D:12     | Reached ***** piety under Makhleb
  4868 | D:13     | Reached skill level 13 in Axes
  4868 | D:13     | Reached skill level 5 in Dodging
  4984 | D:14     | Noticed a tengu warrior
  5023 | D:14     | Reached skill level 8 in Shields
  5037 | D:14     | Killed a tengu warrior
  5113 | D:15     | Entered Level 15 of the Dungeon
  5114 | D:15     | Noticed an ogre mage
  5114 | D:15     | Noticed a two-headed ogre
  5115 | D:15     | Noticed a two-headed ogre
  5116 | D:15     | Noticed a two-headed ogre
  5116 | D:15     | hmmmm
  5116 | D:15     | nope
  5127 | D:15     | Noticed a centaur warrior
  5128 | D:15     | Noticed an ettin
  5128 | D:15     | even more nope
  5159 | D:14     | Noticed a purple ugly thing
  5159 | D:14     | Noticed a purple ugly thing
  5160 | D:14     | Noticed a fire crab
  5160 | D:14     | Noticed a purple ugly thing
  5161 | D:14     | Noticed a deep elf mage
  5161 | D:14     | Noticed a purple ugly thing
  5199 | D:13     | Killed a red ugly thing
  5199 | D:13     | Reached skill level 6 in Dodging
  5227 | D:14     | Noticed a tengu warrior
  5257 | D:14     | Killed a tengu warrior
  5269 | D:14     | Killed a deep elf mage
  5294 | D:14     | Noticed a centaur warrior
  5294 | D:14     | Noticed a five-headed hydra
  5307 | D:14     | Killed a two-headed hydra
  5307 | D:14     | Reached skill level 14 in Axes
  5307 | D:14     | Reached XP level 12. HP: 54/110 MP: 13/13
  5311 | D:14     | Killed a centaur warrior
  5417 | D:15     | Reached skill level 9 in Shields
  5451 | D:15     | Noticed a two-headed ogre
  5468 | D:15     | Killed a two-headed ogre
  5468 | D:15     | Reached skill level 8 in Armour
  5489 | D:15     | Killed an ogre mage
  5511 | D:15     | Killed a two-headed ogre
  5528 | D:15     | Killed a two-headed ogre
  5534 | D:15     | Found Yfioxt's Book Shoppe.
  5607 | D:15     | Reached skill level 15 in Axes
  5728 | D:15     | HP: 18/110 [white ugly thing (34)]
  5737 | D:15     | Reached skill level 10 in Shields
  5756 | D:15     | Reached skill level 9 in Armour
  5853 | D:15     | Noticed a centaur warrior
  5865 | D:15     | Killed a centaur warrior
  5882 | D:15     | Killed a two-headed ogre
  5904 | D:15     | Killed a centaur warrior
  6087 | Orc:1    | Entered Level 1 of the Orcish Mines
  6372 | Orc:2    | Entered Level 2 of the Orcish Mines
  6379 | Orc:2    | Reached XP level 13. HP: 111/117 MP: 10/10
  6486 | Orc:2    | Reached skill level 16 in Axes
  6522 | Orc:2    | Reached skill level 10 in Armour
  6551 | Orc:2    | Found Faepleeh's Magic Scroll Shop.
  6551 | Orc:2    | Found Owkeuhorod's Armour Emporium.
  6552 | Orc:2    | Found Iloxabol's Weapon Emporium.
  6552 | Orc:2    | Found Newazxoh's General Store.
  6560 | Orc:2    | Bought a scroll of summoning for 123 gold pieces
  6560 | Orc:2    | Bought a scroll of identify for 26 gold pieces
  6560 | Orc:2    | Bought a scroll of fear for 45 gold pieces
  6560 | Orc:2    | Bought a potion of flight for 39 gold pieces
  6569 | Orc:2    | Reached skill level 9 in Fighting
  6609 | Orc:2    | Reached skill level 7 in Dodging
  6658 | Orc:2    | Bought a scroll of blinking for 120 gold pieces
  6658 | Orc:2    | Bought a scroll of blinking for 120 gold pieces
  6658 | Orc:2    | Bought a scroll of fear for 56 gold pieces
  6658 | Orc:2    | Bought a scroll of fog for 32 gold pieces
  6659 | Orc:2    | Bought a scarf of resistance for 352 gold pieces
  6753 | Orc:2    | Bought a scroll of identify for 32 gold pieces
  6753 | Orc:2    | Bought a scroll of identify for 32 gold pieces
  6753 | Orc:2    | Bought a scroll of identify for 32 gold pieces
  6820 | Orc:2    | Found a staircase to the Elven Halls.
  6826 | Orc:2    | Noticed Saint Roka
  6932 | Orc:2    | Noticed an orc warlord
  7098 | Lair:1   | Entered Level 1 of the Lair of Beasts
  7249 | Lair:3   | Reached skill level 10 in Fighting
  7271 | Lair:3   | Found a staircase to the Snake Pit.
  7411 | Lair:4   | Reached skill level 11 in Shields
  7492 | Lair:3   | Reached skill level 8 in Dodging
  7527 | Lair:2   | Noticed Sonja
  7540 | Lair:2   | Killed Sonja
  7540 | Lair:2   | Gained mutation: You resist negative energy. (rN+) [Deep Dwarf growth]
  7540 | Lair:2   | Reached XP level 14. HP: 82/133 MP: 10/10
  7553 | Lair:2   | look first, then attack
  8267 | Lair:5   | Found a frozen archway.
  8274 | Lair:5   | Reached ****** piety under Makhleb
  8294 | IceCv    | Entered an ice cave
  8588 | Lair:6   | Entered Level 6 of the Lair of Beasts
  8671 | Lair:5   | Reached skill level 11 in Fighting
  8954 | Lair:6   | Reached skill level 17 in Axes
  9058 | Lair:6   | Reached skill level 12 in Shields
  9135 | Lair:6   | Learned a level 2 spell: Swiftness
  9243 | Lair:6   | HP: 12/135 [catoblepas (24)]
  9265 | Lair:6   | HP: 19/135 [20-headed hydra (9)]
  9927 | Lair:3   | Found a staircase to the Shoals.
  9950 | Shoals:1 | Entered Level 1 of the Shoals
 10047 | Shoals:1 | Reached XP level 15. HP: 119/142 MP: 11/11
 10150 | Shoals:1 | Reached skill level 18 in Axes
 10166 | Shoals:1 | Reached skill level 1 in Evocations
 10321 | Shoals:2 | Reached skill level 2 in Evocations
 10353 | Shoals:2 | Reached skill level 3 in Evocations
 10370 | Shoals:2 | Reached skill level 4 in Evocations
 10394 | Shoals:2 | Noticed a frost giant
 10417 | Shoals:2 | Killed a frost giant
 10422 | Shoals:2 | Reached skill level 5 in Evocations
 10436 | Shoals:2 | and there's even nothing here
 10436 | Shoals:2 | what a waste of time
 10512 | Shoals:2 | Reached skill level 12 in Fighting
 10542 | Shoals:2 | Reached skill level 13 in Shields
 10542 | Shoals:2 | Reached skill level 6 in Evocations
 10599 | Shoals:3 | Learned a level 5 spell: Irradiate
 10734 | Shoals:4 | Entered Level 4 of the Shoals
 10752 | Shoals:4 | oh god open vaults
 10752 | Shoals:4 | this will be "fun"
 10773 | Shoals:4 | Reached skill level 7 in Evocations
 10880 | Shoals:4 | Found Mismumoc's Magic Scroll Shop.
 10907 | Shoals:4 | Bought a scroll of teleportation for 63 gold pieces
 10907 | Shoals:4 | Bought a scroll of enchant weapon for 157 gold pieces
 10907 | Shoals:4 | Bought a scroll of teleportation for 63 gold pieces
 10907 | Shoals:4 | Bought a scroll of teleportation for 63 gold pieces
 10907 | Shoals:4 | Bought a scroll of teleportation for 63 gold pieces
 10907 | Shoals:4 | Bought a scroll of recharging for 199 gold pieces
 10907 | Shoals:4 | Bought a scroll of identify for 42 gold pieces
 10907 | Shoals:4 | Bought a scroll of identify for 42 gold pieces
 11019 | Shoals:4 | Reached skill level 8 in Evocations
 11147 | Shoals:4 | let's try the one next to ilsuiw last
 11171 | Shoals:4 | HP: 28/146 [satyr/uncursed spear (17)]
 11182 | Shoals:4 | HP: 27/146 [satyr/sling bullet (27)]
 11210 | Shoals:4 | 3 satyrs and a wind drake
 11210 | Shoals:4 | can't make this shit up
 11325 | Shoals:4 | Got a barnacled rune of Zot
 11558 | Lair:3   | and the next one will be EVEN WORSE
 11558 | Lair:3   | cause no rpois
 11612 | Snake:1  | Entered Level 1 of the Snake Pit
 11645 | Snake:1  | 14 curing, let's go
 11681 | Snake:1  | Reached XP level 16. HP: 154/154 MP: 11/11
 11686 | Snake:1  | Reached skill level 14 in Shields
 11777 | Snake:2  | Noticed Roxanne
 11921 | Snake:2  | Reached skill level 9 in Dodging
 11959 | Snake:3  | Reached skill level 11 in Armour
 11989 | Snake:3  | Found Gackybb's Antique Weapon Emporium.
 11989 | Snake:3  | Found Doysm's General Store.
 12026 | Snake:3  | Bought a runed broad axe for 147 gold pieces
 12041 | Snake:3  | Bought a potion of haste for 150 gold pieces
 12041 | Snake:3  | Bought a potion of heal wounds for 75 gold pieces
 12063 | Snake:3  | """51""" %
 12370 | Snake:4  | Entered Level 4 of the Snake Pit
 12472 | Snake:4  | Noticed Vashnia
 12473 | Snake:4  | oh shit
 12513 | Snake:4  | Killed Vashnia
 12645 | Snake:4  | Reached skill level 13 in Fighting
 12645 | Snake:4  | Reached skill level 15 in Shields
 12698 | Snake:4  | 11 left
 12789 | Snake:4  | Noticed Bai Suzhen
 12790 | Snake:4  | oh god
 12791 | Snake:4  | armor plz
 12799 | Snake:4  | Reached skill level 10 in Dodging
 12802 | Snake:4  | Killed Bai Suzhen
 12802 | Snake:4  | Reached skill level 12 in Armour
 12841 | Snake:4  | fuck
 12843 | Snake:4  | no armor
 12880 | Snake:4  | Noticed Jorgrun
 12884 | Snake:4  | Reached XP level 17. HP: 116/164 MP: 11/11
 12899 | Snake:4  | Killed Jorgrun
 12899 | Snake:4  | Reached skill level 16 in Shields
 12925 | Snake:4  | HP: 15/164 [nagaraja/poison arrow (38)]
 12931 | Snake:4  | fuck
 12932 | Snake:4  | HP: 31/164 [naga warrior/halberd (15)]
 12932 | Snake:4  | Killed from afar by a nagaraja

Vault maps used:
D:1:      erik_arrival_orb_chamber, minmay_statues_item
D:2:      grunt_ministairs_6
D:3:      minmay_misc_feat_doors, hex_tiny, uniq_terence
D:4:      first_bread, minivault_26
D:5:      kennysheep_mini, temple_fountains, st_stairs_1
D:6:      kiku_gazebo_garden_becter, lemuel_crystal_altar,
          gup_ossuary_entry_pyramid, gup_sewer_entry_pipe
D:7:      enter_bailey_1
D:8:      minitemple, basic_altar, hangedman_little_slice_of_home
D:9:      wad_guarded_room, minmay_orc_entry_temple_small, lemuel_tele_altar
D:10:     serial_shops, nicolae_shop_behind_doors, serial_glass,
          glass_columns_b, glass_columns_b, glass_columns_a, glass_columns_a,
          glass_columns_b, glass_columns_a, glass_columns_c, glass_columns_a,
          glass_columns_b, glass_columns_a, glass_columns_a, glass_columns_a,
          glass_columns_a, glass_columns_a, kennysheep_small_circle, uniq_erica
D:11:     lair_entry_dummy, lab_entry_generic
D:13:     david_vaults_5, serial_shops, nicolae_shop_stone,
          nicolae_dithmenos_the_darkroom
D:14:     minmay_bloctagon_deflated, nrook_uturn, kennysheep_another_room,
          nicolae_transmutations_shop
D:15:     hangedman_depths_entry_civil_slaughter, serial_shops, shop_fountains,
          minmay_door_square, minmay_sticks_and_stones
Temple:   dshaligram_water_room_temple
Lair:2:   uniq_sonja
Lair:3:   minmay_shoals_entry_lonely_mermaid, guppyfry_snake_entry_island
Lair:4:   dragon1_lemuel, minivault_26
Lair:5:   slime_dummy, portal_ice_cave_entry_imps, beast_lair_carwin_9
Lair:6:   grunt_lair_end_beastmaster, serial_forest, infiniplex_forest_end_3,
          infiniplex_forest_lined_4_way, infiniplex_forest_lined_room_2,
          infiniplex_forest_straight_3, infiniplex_forest_lined_room_2,
          infiniplex_forest_clump_small, nicolae_quartered_pool_super,
          minmay_lair_oklob_chamber
Shoals:2: st_shoals_ruin
Shoals:4: shoals_end_grunt_garden, shoals_ilsuiw_ice, serial_shops,
          nicolae_shop_waterfront
Snake:1:  basic_altar
Snake:2:  uniq_roxanne
Snake:3:  st_stairs_8, minmay_shoptagon
Snake:4:  grunt_snake_rune_spirals, serial_shops, shop, basic_altar,
          basic_stair_grate_trap, uniq_vashnia, uniq_aizul, uniq_jorgrun,
          uniq_bai_suzhen
Orc:2:    st_orc_ogre_mass, uniq_saint_roka
Lab:      nicolae_lab_dead_adventurers, lab_block, nicolae_lab_diamond,
          labyrinth_skeletal_remains, nicolae_lab_blocks, nicolae_lab_do_over
Ossuary:  ossuary_tomb_3
Bailey:   bailey_polearm_1, bailey
IceCv:    ice_cave_tombish

Skill      XL: |  1  2  3  4  5  6  7  8  9 10 11 12 13 14 15 16 17 |
---------------+----------------------------------------------------+-----
Axes           | 3 4 5 7 8 9 10 12 14 15 16 17 18 | 18.0
Fighting       | 3 5 6 7 8 10 11 12 13 | 13.5
Shields        | 4 5 7 8 10 11 12 13 15 16 | 16.1
Dodging        | 3 6 8 10 | 10.1
Armour         | 4 6 7 9 10 12 | 12.3
Invocations    | 4 6 |  6.2
Evocations     | 8 |  8.2

Action                   |  1- 3 |  4- 6 |  7- 9 | 10-12 | 13-15 | 16-18 || total
-------------------------+-------+-------+-------+-------+-------+-------++-------
Melee: War axe           |    74 |   188 |   390 |   756 |   452 |       ||  1860
       Broad axe         |       |       |       |       |   755 |   416 ||  1171
Throw: Tomahawk          |       |       |     4 |       |       |       ||     4
Invok: Lesser Servant of |       |       |       |     7 |    24 |     2 ||    33
 Abil: Heal Wounds       |       |     3 |     9 |     7 |    16 |     5 ||    40
Evoke: Wand              |       |     1 |     3 |     5 |    10 |     7 ||    26
  Use: Scroll            |       |     4 |    10 |     1 |    27 |     4 ||    46
       Potion            |       |       |     1 |     1 |     2 |    10 ||    14
 Stab: Distracted        |       |       |       |     2 |     4 |       ||     6
       Petrified         |       |       |       |       |    21 |       ||    21
       Petrifying        |       |       |       |       |     2 |       ||     2
       Confused          |       |       |       |       |       |     1 ||     1
  Eat: Chunk             |       |     2 |    16 |    24 |    19 |     2 ||    63
Armor: Scale mail        |    30 |    71 |    80 |       |       |       ||   181
       Plate armour      |       |       |   180 |   334 |   452 |   150 ||  1116
Dodge: Dodged            |    26 |    50 |   198 |   321 |   651 |   222 ||  1468
Block: Shield            |    34 |   105 |   271 |   420 |   830 |   277 ||  1937
       Large shield      |       |       |       |       |       |   131 ||   131
